[Event "Snabbschacks-KM 2025"]
[Site "Linköping, Sweden"]
[Date "2025.05.20"]
[Round "9.1"]
[White "Andersson, Mats 1960"]
[Black "Olsson, Simon"]
[Result "0-1"]
[TimeControl "15 min + 5 sek"]
[WhiteTitle "FM"]
[WhiteElo "2225"]
[BlackElo "2048"]

1. c4 e6 2. g3 d5 3. Nf3 Nf6 4. b3 g6 5. Bb2 Bg7 6. Bg2 O-O 7. O-O c5 8. cxd5 Nxd5 9. Bxg7 Kxg7 10. Qc2 Qf6 11. Na3 Na6 12. Nc4 Nab4 13. Qb1 Nc6 14.
a3 b5 15. Nb2 Bb7 16. Nd3 Nd4 17. Nxc5 Nxe2+ 18. Kh1 Bc6 19. Qd3 Nef4 20. gxf4 Nxf4 21. Qe3 Nxg2 22. Kxg2 Qf5 23. d4 Qg4+ 0-1

[Event "Snabbschacks-KM 2025"]
[Site "Linköping, Sweden"]
[Date "2025.05.20"]
[Round "9.2"]
[White "Qwarfort, Fredrik"]
[Black "Rogoz, Vladyslav"]
[Result "0-1"]
[TimeControl "15 min + 5 sek"]
[WhiteElo "1827"]
[BlackElo "2108"]

1. d4 e6 2. c4 b6 3. Nf3 Bb7 4. g3 f5 5. Bg2 Nf6 6. O-O Be7 7. Nc3 O-O 8.
Ne5 Bxg2 9. Kxg2 d6 10. Nd3 Qd7 11. b3 Nc6 12. e3 e5 13. d5 Nd8 14. Qe2 Nf7 15.
e4 Rae8 16. f3 a5 17. Bd2 Kh8 18. Rae1 g5 19. exf5 Qxf5 20. Ne4 Rg8 21. Ndf2 Nh5 22. g4 Nf4+ 23. Bxf4 gxf4 24. Rh1 Bh4 25.
Reg1 Qd7 26. a4 Rg6 27. Kf1 c6 28. Qd3 Nd8 29. Ke2 cxd5 30. cxd5 Nb7 31. Rc1 Nc5 32. Nxc5 bxc5 33. Ne4 Rb8 34.
Qc3 Rb4 35. Nd2 Rd4 36. Qxa5 Rxg4 37. Rhg1 Rg7 38. Ne4 h6 39. Qa6 Bg5 40. Qxd6 Rxe4+ 0-1

[Event "Snabbschacks-KM 2025"]
[Site "Linköping, Sweden"]
[Date "2025.05.20"]
[Round "9.3"]
[White "Gustafsson, Nils"]
[Black "Nyberg, Peter"]
[Result "0-1"]
[TimeControl "15 min + 5 sek"]
[WhiteElo "1861"]
[BlackElo "1984"]

1. e4 c6 2. d4 d5 3. exd5 cxd5 4. c4 Nf6 5. Nc3 Nc6 6. Nf3 a6 7. c5 Bg4 8. Be2 g6 9. h3 Bxf3 10.
Bxf3 Bg7 11. O-O e6 12. Re1 O-O 13. Be3 Nd7 14. b4 Nxb4 15. Rb1 Nc6 16. Rxb7 Nxc5 17. dxc5 Bxc3 18. Bh6 Re8 19.
Re2 Na5 20. Rb1 Bg7 21. Bxg7 Kxg7 22. Reb2 Nc4 23. Rb7 Rc8 24. Be2 Ne5 25. Bxa6 Qf6 26. R7b5 Ra8 27. Rb6 Nd7 28. Bb7 Nxb6 29. Bxa8 Nxa8 30.
c6 Rc8 31. Qc1 e5 32. Rb7 Qxc6 0-1

[Event "Snabbschacks-KM 2025"]
[Site "Linköping, Sweden"]
[Date "2025.05.20"]
[Round "9.4"]
[White "Thornqvist, Ofelia"]
[Black "Davidsson, Asker"]
[Result "1/2-1/2"]
[TimeControl "15 min + 5 sek"]
[WhiteElo "1881"]
[BlackElo "1796"]

1. d4 d5 2. Nc3 Nf6 3. Bf4 c6 4.
e3 Bf5 5. f3 h6 6. g4 Bh7 7. h4 e6 8. Nh3 Bd6 9. Bxd6 Qxd6 10. Kf2 c5 11. Bd3 cxd4 12. exd4 Bxd3 13. Qxd3 Qb6 14.
Qb5+ Qxb5 15. Nxb5 Kd7 16. g5 Ng8 17. Rae1 Ne7 18. Nf4 Nbc6 19. c3 a6 20. Na3 Rh7 21. Nd3 Rah8 22. Kg2 hxg5 23.
hxg5 Rxh1 24. Rxh1 Rxh1 25. Kxh1 Nf5 26. Nc2 Nce7 27. Ne5+ Ke8 28. Kg2 f6 29. gxf6 gxf6 30. Ng4 Kf7 31. Kf2 Nc6 32. Nge3 Nxe3 33.
Nxe3 Ke7 34. Ke2 Kd6 35. f4 f5 36. Nc2 b5 37. a3 Na5 38. Nb4 Nc4 39. Nd3 Kc6 40. Kf3 Kd6 41. Ke4 Ke5+ 1/2-1/2

[Event "Snabbschacks-KM 2025"]
[Site "Linköping, Sweden"]
[Date "2025.05.20"]
[Round "9.5"]
[White "Andersson, Fredrik 1969"]
[Black "Stefanovic, Dragan 1958"]
[Result "0-1"]
[TimeControl "15 min + 5 sek"]
[WhiteElo "1754"]
[BlackElo "1780"]

1. d4 Nf6 2. Nc3 d5 3. Bf4 e6 4. Nb5 Na6 5. e3 c6 6. Nc3 Bb4 7. Bd3 Ne4 8. Nge2 g5 9. Be5 f6 10.
Bg3 h5 11. Bxe4 dxe4 12. h3 Nc7 13. a3 Bxc3+ 14. Nxc3 f5 15. Be5 Rh7 16. Qe2 Nd5 17. Nxd5 Qxd5 18. c4 Qa5+ 19. b4 Qa4 20.
Kd2 a5 21. Kc3 b5 22. Rhb1 Ba6 23. c5 g4 24. Qa2 Bc8 25. hxg4 hxg4 26. Rh1 Rxh1 27. Rxh1 axb4+ 28. Kb2 bxa3+ 29. Kb1 Qb4+ 30. Ka1 Qc3+ 31. Kb1 Qd3+ 32. Ka1 Qc3+ 33. Kb1 Ra4 34. Rh8+ Kf7 35. Rh7+ Kg8 36. Rg7+ Kf8 0-1

[Event "Snabbschacks-KM 2025"]
[Site "Linköping, Sweden"]
[Date "2025.05.20"]
[Round "9.6"]
[White "Leijon, Noah"]
[Black "Martinelle, Christoffer"]
[Result "0-1"]
[TimeControl "15 min + 5 sek"]
[WhiteElo "1621"]
[BlackElo "1806"]

1. e4 d5 2. exd5 Qxd5 3. Nc3 Qa5 4. d4 c6 5. Nf3 Nf6 6. Bc4 Bf5 7. Bd2 e6 8. Nh4 Bg6 9. Nxg6 hxg6 10.
Qf3 Bb4 11. O-O-O Nbd7 12. Kb1 O-O-O 13. h3 Nb6 14. Bb3 Rxd4 15. Bg5 Rxd1+ 16. Rxd1 Qxg5 17. Ne2 Nbd5 18. a3 Be7 19. Nd4 Qf4 20.
Qe2 Qe4 21. Qd2 Bc5 22. Nf3 Qf4 23. Qa5 Bb6 24. Qe1 Rd8 25. Ne5 Qe4 26. Nxf7 Qxe1 27. Rxe1 Rd7 28. Ne5 Re7 29. Nxg6 Re8 30. f4 Bc7 31. g3 Bb6 32.
g4 Bc7 33. Rf1 Ne4 34. Kc1 Nc5 35. Bc4 b5 36. Be2 Ne4 37. g5 Ng3 38. Re1 Nxe2+ 39. Rxe2 Nxf4 40. Nxf4 Bxf4+ 0-1

[Event "Snabbschacks-KM 2025"]
[Site "Linköping, Sweden"]
[Date "2025.05.20"]
[Round "9.8"]
[White "Larsson, Elin"]
[Black "Enblom, Samuel"]
[Result "1/2-1/2"]
[TimeControl "15 min + 5 sek"]
[WhiteElo "1783"]
[BlackElo "1696"]

1. e4 d5 2. exd5 Nf6 3. d4 Nxd5 4.
Nf3 Bf5 5. Bd3 e6 6. O-O h6 7. Re1 Be7 8. c4 Bxd3 9. Qxd3 Nb4 10. Qb3 b6 11. a3 N4c6 12. Be3 O-O 13. Qd3 Nd7 14.
Nc3 Nf6 15. h3 Bd6 16. Nb5 Re8 17. Rad1 a6 18. Nxd6 Qxd6 19. Qc2 Ne7 20. Ne5 Nf5 21. Qd3 Rad8 22. Nf3 c5 23. d5 exd5 24.
Qxf5 d4 25. Bf4 Qc6 26. b3 g6 27. Qd3 h5 28. Bg5 Rd6 29. Bxf6 Rxf6 30. Rxe8+ Qxe8 31. Re1 Qb8 32. Qd2 Kg7 33. Ne5 Re6 34. Nf3 Rf6 35.
Qc2 Qf4 36. Qd2 Qf5 37. Re5 Qb1+ 38. Kh2 Qxb3 39. Qc1 Rc6 40. Nd2 Qd3 41. Nf3 b5 42. Ne1 Qxc4 43. Qxc4 bxc4 44. Re2 d3 45.
Rd2 Re6 46. Nf3 Re2 47. Rxe2 dxe2 48. Kg1 c3 49. Ne1 Kf6 50. f3 Ke5 51. Nc2 e1=Q+ 52. Nxe1 Kd4 53. Kf2 Kc4 54. Ke2 Kb3 55.
Kd3 c4 56. Kd4 c2 57. Nxc2 1/2-1/2

[Event "Snabbschacks-KM 2025"]
[Site "Linköping, Sweden"]
[Date "2025.05.20"]
[Round "9.10"]
[White "Skytt, Klas"]
[Black "Andersson, Albin"]
[Result "1-0"]
[TimeControl "15 min + 5 sek"]
[WhiteElo "1705"]
[BlackElo "1728"]

1. b4 d5 2. Bb2 Bf5 3. e3 Nd7 4. c4 e6 5. Nf3 Bxb4 6. Bxg7 Ngf6 7. Bxh8 Qe7 8. a3 Ba5 9. cxd5 exd5 10.
Nd4 Bg6 11. Bxf6 Nxf6 12. Qa4+ Kf8 13. Qxa5 c5 14. Ne2 b6 15. Qc3 Kg8 16. Nf4 d4 17. Nxg6 fxg6 18. Qc4+ Kg7 19. Be2 Rf8 20.
O-O Ne4 21. Bf3 Ng5 22. Bd5 Qe5 23. exd4 cxd4 24. d3 Rf4 25. Nd2 h5 26. Nf3 Nxf3+ 27. Bxf3 h4 28. Rae1 Qf6 29. Qc7+ Kh6 30.
Re4 Rf5 31. Rfe1 h3 32. Qe7 Rxf3 33.
gxf3 Qxf3 34. Rh4+ 1-0